 Dungeon Crawl Stone Soup version 0.29.1-15-g9cfb28693d (webtiles) character file.

Game seed: 1141620756034477746

737366 TittyCrusher the Skullcrusher (level 27, 0/305 HPs)
             Began as an Ogre Gladiator on Apr 27, 2023.
             Was the Champion of the Shining One.
             Slain by Cerebov
             ... wielding the +6 sword of Cerebov {flame}
              (44 damage)
             ... in Pandemonium on Apr 29, 2023.
             The game lasted 04:59:46 (109833 turns).

TittyCrusher the Skullcrusher (Ogre Gladiator)    Turns: 109833, Time: 04:59:47

Health: 0/305      AC: 25    Str: 34    XL:     27
Magic:  35/38      EV: 23    Int: 17    God:    the Shining One [******]
Gold:   3909       SH:  0    Dex: 29    Spells: 29/44 levels left

rFire   . . .      SeeInvis +   a - +4 giant spiked club (holy)
rCold   + . .      Faith    +   (shield currently unavailable)
rNeg    + + +      Spirit   .   P - +1 gold dragon scales
rPois   +          Reflect  .   C - +2 hat {SInv}
rElec   .          Harm     .   x - +3 cloak "Xadixaoc" {Rampage Will+ Dex+4 SInv}
rCorr   +          Rampage  +   (gloves unavailable)
Will    +++..                   (boots unavailable)
Stlth   ..........              O - amulet of Ralicham {Faith Int+8}
HPRegen 0.60/turn               e - ring of the Magpie {Fly rCorr EV+4 Str+4 Dex+3}
MPRegen 0.26/turn               c - ring of Vehumet's Grace {Wiz rCorr Dex+6}

@: mighty, fire vulnerable, flying, hasted, glowing, studying Air Magic, very
quick
A: large, unfitting armour, tough skin 1, camouflage 1, deformed body, screaming
1, subdued magic 1
}: 6/15 runes: decaying, serpentine, slimy, silver, abyssal, dark
a: Renounce Religion, Divine Shield, Cleansing Flame, Summon Divine Warrior


You were in Pandemonium.
You worshipped the Shining One.
The Shining One was exalted by your worship.
You visited 12 branches of the dungeon, and saw 56 of its levels.
You visited Pandemonium 1 time, and saw 5 of its levels.
You visited the Abyss 8 times.
You visited 1 bazaar.
You also visited: Trove and Desolation.

You collected 9966 gold pieces.
You spent 6057 gold pieces at shops.

Inventory:

Hand Weapons
 a - a +4 giant spiked club of holy wrath (weapon)
 b - a +4 spectral giant spiked club
 d - the +8 Wrath of Trog {antimagic, *Rage Rampage}
   (You found it in a treasure trove)

   It reduces the magical energy of the wielder, and disrupts the spells and
   magical abilities of those it strikes.
   Natural abilities and divine invocations are not affected.
   It causes slowness and exhaustion when equipped.
   It extends the wielder's berserk rage when killing foes.
   *Rage:     It berserks you when you make melee attacks (+50% chance).
   Rampage:   It bestows one free step when moving towards enemies.
 j - the +3 giant spiked club of Quunor {flame, Dex+2}
   (Okawaru gifted it to you on level 13 of the Dungeon)

   It burns those it strikes, dealing additional fire damage.
   Dex:       It affects your dexterity (+2).
 p - a +4 sacred scourge of holy wrath
 A - a +0 giant spiked club of distortion
 E - the +5 giant club "Suyrom" {antimagic, rF+ Stlth+}
   (Okawaru gifted it to you on level 5 of the Realm of Zot)

   It reduces the magical energy of the wielder, and disrupts the spells and
   magical abilities of those it strikes.
   Natural abilities and divine invocations are not affected.
   rF:        It protects you from fire.
   Stlth:     It makes you more stealthy.
Missiles
 W - 94 large rocks (quivered)
Armour
 x - the +3 cloak "Xadixaoc" (worn) {Rampage Will+ Dex+4 SInv}
   (You found it on level 5 of the Vaults)

   Dex:       It affects your dexterity (+4).
   SInv:      It lets you see invisible.
   Rampage:   It bestows one free step when moving towards enemies.
   Will:      It increases your willpower.
 C - a +2 hat of see invisible (worn)
 P - +1 gold dragon scales (worn)
 T - the +0 cloak "Udurph" {Regen+ Str+3}
   (You acquired it on level 2 of the Vaults)

   Str:       It affects your strength (+3).
   Regen:     It increases your rate of health regeneration.
 U - the +5 acid dragon scales of Moireori {-Cast Will+ Regen+ rCorr}
   (You took it off a deep elf high priest on level 3 of the Elven Halls)

   -Cast:     It prevents spellcasting.
   Regen:     It increases your rate of health regeneration.
   rCorr:     It protects you from acid and corrosion.
   Will:      It increases your willpower.
Jewellery
 c - the ring of Vehumet's Grace (right hand) {Wiz rCorr Dex+6}
   (You found it on level 5 of the Vaults)

   [ring of wizardry]

   It improves your spell success rate.
   Dex:       It affects your dexterity (+6).
   rCorr:     It protects you from acid and corrosion.
 e - the ring of the Magpie (left hand) {Fly rCorr EV+4 Str+4 Dex+3}
   (You bought it in a shop in a bazaar)

   [ring of evasion]

   EV:        It affects your evasion (+4).
   Str:       It affects your strength (+4).
   Dex:       It affects your dexterity (+3).
   Fly:       It grants you flight.
   rCorr:     It protects you from acid and corrosion.
 i - the ring of Biexehosk {rElec rCorr MP-9 Slay+4 Stlth+}
   (You found it on level 3 of the Depths)

   [ring of slaying]

   Slay:      It affects your accuracy & damage with ranged weapons and melee
   (+4).
   rElec:     It insulates you from electricity.
   MP:        It affects your magic capacity (-9).
   rCorr:     It protects you from acid and corrosion.
   Stlth:     It makes you more stealthy.
 s - the ring "Doojabb" {Fly rF+ rCorr MP-9}
   (You found it in the Desolation of Salt)

   [ring of resist corrosion]

   rF:        It protects you from fire.
   MP:        It affects your magic capacity (-9).
   Fly:       It grants you flight.
   rCorr:     It protects you from acid and corrosion.
 v - the ring "Rivaufou" {Fire +Blink Will- Stlth+}
   (You found it on level 5 of the Vaults)

   [ring of fire]

   It enhances your fire magic.
   rF:        It protects you from fire.
   rC:        It makes you vulnerable to cold.
   +Blink:    It lets you blink.
   Will:      It decreases your willpower.
   Stlth:     It makes you more stealthy.
 G - the amulet "Oteure" {RegenMP +Inv}
   (You found it in the Desolation of Salt)

   [amulet of magic regeneration]

   It increases your rate of magic regeneration.
   +Inv:      It lets you turn invisible.
 I - a ring of protection from fire
 O - the amulet of Ralicham (around neck) {Faith Int+8}
   (You found it on level 5 of the Pits of Slime)

   [amulet of faith]

   It allows you to gain divine favour quickly.
   Int:       It affects your intelligence (+8).
 R - an amulet of regeneration
 V - a ring of protection from cold
Wands
 X - a wand of digging (13)
Scrolls
 f - 2 scrolls of brand weapon
 g - 7 scrolls of fog
 m - 15 scrolls of teleportation
 n - 2 scrolls of blinking
 B - 7 scrolls of vulnerability
 J - 5 scrolls of immolation
 M - 9 scrolls of magic mapping
 N - 10 scrolls of fear
 Q - 9 scrolls of poison
Potions
 h - 8 potions of haste
 k - 14 potions of brilliance
 l - 4 potions of mutation
 o - 5 potions of berserk rage
 q - 33 potions of curing
 r - 20 potions of attraction
 t - 4 potions of resistance
 z - 8 potions of cancellation
 F - 6 potions of magic
 K - 7 potions of might
 L - 2 potions of ambrosia
 Y - 2 potions of invisibility
 Z - 13 potions of lignification
Miscellaneous
 w - a lightning rod (4/4)
 D - a condenser vane
 S - a tin of tremorstones (2/2)


   Skills:
 - Level 23.2 Fighting
 O Level 27 Maces & Flails
 - Level 2.0 Throwing
 - Level 20.2 Armour
 - Level 17.8 Dodging
 - Level 9.0 Spellcasting
 - Level 7.2 Translocations
 - Level 8.7 Transmutations
 + Level 6.6 Earth Magic
 - Level 22.1 Invocations
 - Level 10.3 Evocations


You had 29 spell levels left.
You knew the following spells:

 Your Spells              Type           Power      Damage    Failure   Level
a - Blink                 Tloc           48%        N/A       1%          2
b - Wereblood             Tmut           28%        N/A       1%          2
c - Statue Form           Tmut/Erth      17%        N/A       82%         6
d - Apportation           Tloc           48%        N/A       1%          1
e - Passage of Golubria   Tloc           24%        N/A       12%         4

Your spell library contained the following spells:

 Spells                   Type           Power      Damage    Failure   Level
 Beastly Appendage        Tmut           56%        N/A       1%          1
 Sandblast                Erth           46%        2d11      1%          1
 Passwall                 Tmut/Erth      21%        N/A       1%          2
 Gell's Gravitas          Tloc           24%        N/A       3%          3
 Teleport Other           Tloc           24%        N/A       3%          3
 Sting                    Tmut/Pois      68%        1d6       4%          1
 Petrify                  Tmut/Erth      26%        N/A       10%         4
 Spider Form              Tmut/Pois      17%        N/A       12%         3
 Portal Projectile        Hex/Tloc       30%        N/A       16%         3
 Stone Arrow              Conj/Erth      28%        3d8       19%         3
 Blade Hands              Tmut           14%        N/A       19%         5
 Ignite Poison            Fire/Tmut/Pois 13%        N/A       22%         3
 Freeze                   Ice            20%        1d4       24%         1
 Magic Dart               Conj           20%        1d4       24%         1
 Necrotise                Necr           20%        1d5       24%         1
 Slow                     Hex            20%        N/A       24%         1
 Summon Small Mammal      Summ           20%        N/A       24%         1
 Manifold Assault         Tloc           24%        N/A       32%         5
 Ensorcelled Hibernation  Hex/Ice        10%        N/A       34%         2
 Poisonous Vapours        Pois/Air       10%        N/A       34%         2
 Searing Ray              Conj           10%        2d4       34%         2
 Static Discharge         Conj/Air       5%         3-4/arc   34%         2
 Sublimation of Blood     Necr           5%         N/A       34%         2
 Ice Form                 Ice/Tmut       17%        N/A       38%         4
 Lee's Rapid Deconstruct  Erth           11%        3d9*      38%         5
 Iskenderun's Mystic Bla  Conj/Tloc      15%        2d5       47%         4
 Animate Armour           Summ/Erth      28%        N/A       52%         4
 Leda's Liquefaction      Hex/Erth       7%         N/A       52%         4
 Confusing Touch          Hex            5%         N/A       58%         3
 Conjure Flame            Conj/Fire      5%         6-21      58%         3
 Dazzling Flash           Conj/Hex       10%        N/A       58%         3
 Frozen Ramparts          Ice            10%        1d2       58%         3
 Mephitic Cloud           Conj/Pois/Air  5%         N/A       58%         3
 Ozocubu's Armour         Ice            5%         N/A       58%         3
 Swiftness                Air            5%         N/A       58%         3
 Tukima's Dance           Hex            5%         N/A       58%         3
 Vampiric Draining        Necr           5%         2d6       58%         3
 Irradiate                Conj/Tmut      8%         3d14      71%         5
 Yara's Violent Unravell  Hex/Tmut       8%         3d5       71%         5
 Dispersal                Tloc           12%        N/A       87%         6
 Airstrike                Air            2%         2d(1-17)  92%         4
 Anguish                  Hex/Necr       2%         N/A       92%         4
 Cause Fear               Hex            2%         N/A       92%         4
 Corpse Rot               Necr/Pois/Air  5%         N/A       92%         4
 Fulminant Prism          Conj/Hex       2%         3d6       92%         4
 Hailstorm                Conj/Ice       5%         3d4       92%         4
 Olgreb's Toxic Radiance  Pois           5%         N/A       92%         4
 Sticky Flame             Conj/Fire      5%         2d3       92%         4
 Summon Ice Beast         Ice/Summ       5%         N/A       92%         4
 Summon Lightning Spire   Summ/Air       5%         N/A       92%         4
 Agony                    Necr           5%         N/A       99%         5
 Fireball                 Conj/Fire      2%         3d4       99%         5
 Freezing Cloud           Conj/Ice/Air   2%         6-21      99%         5
 Iskenderun's Battlesphe  Conj           5%         2d6       99%         5
 Lightning Bolt           Conj/Air       2%         1d14      99%         5
 Metabolic Englaciation   Hex/Ice        2%         N/A       99%         5
 Silence                  Hex/Air        2%         N/A       99%         5
 Dragon Form              Tmut           14%        N/A       99%         7
 Conjure Ball Lightning   Conj/Air       2%         3x3d6     100%        6
 Death Channel            Necr           2%         N/A       100%        6
 Iron Shot                Conj/Erth      7%         9d2       100%        6
 Simulacrum               Ice/Necr       2%         N/A       100%        6
 Starburst                Conj/Fire      2%         6d3       100%        6
 Enfeeble                 Hex            2%         N/A       100%        7
 Orb of Destruction       Conj           2%         9d5       100%        7
 Storm Form               Tmut/Air       8%         N/A       100%        7
 Borgnjor's Revivificati  Necr           2%         N/A       100%        8
 Ignition                 Fire           2%         3d3       100%        8
 Maxwell's Capacitive Co  Air            2%         ∞         100%        8
 Necromutation            Tmut/Necr      8%         N/A       100%        8
 Death's Door             Necr           2%         N/A       100%        9
 Dragon's Call            Summ           2%         N/A       100%        9
 Shatter                  Erth           11%        3d12*     100%        9


Dungeon Overview and Level Annotations

Branches:
Dungeon (15/15)            Temple (1/1) D:5            Lair (5/5) D:8
  Swamp (4/4) Lair:3        Snake (4/4) Lair:2        Slime (5/5) Lair:4
    Orc (2/2) D:11            Elf (3/3) Orc:2        Vaults (5/5) D:14
  Crypt (3/3) Vaults:2       Tomb (0/3) Crypt:3      Depths (4/4) D:15
    Zot (5/5) Depths:4    Desolation (visited)

Altars:
Ashenzari
Cheibriados
Dithmenos
Elyvilon
Fedhas
Gozag
Hepliaklqana
Kikubaaqudgha
Makhleb
Nemelex Xobeh
Okawaru
Qazlal
Ru
Sif Muna
Trog
Uskayaw
Vehumet
Wu Jian
Xom
Yredelemnul
Zin
The Shining One
Lugonu

Shops:
D:2 ?   D:9 *   D:10 [   Orc:1 *   Orc:2 !*?[   Elf:1 *   Snake:3 !*?:[(==
Vaults:1 !

Portals:
Hell: Depths:1 Depths:2 Depths:3 Depths:4
Abyss: Lair:5 Depths:3 Depths:4
Pandemonium: Depths:2
Ziggurat: Depths:2

Annotations:
Lair:1 exclusion: downstairs
Lair:4 exclusion: 2 downstairs
Swamp:1 1 runed translucent door, devnull's ghost, adept MfGl
Orc:1 2 transporters, Imhoden's ghost, journeyman GnIE
Zot:3 3 runed translucent doors, Amadilybb's ghost, master GnWn
Pan Cerebov


Innate Abilities, Weirdness & Mutations

You are too large for most types of armour.
You have tough skin. (AC +1)
Your skin changes colour to match your surroundings (Stealth+).
Armour fits poorly on your strangely shaped body.
You occasionally shout uncontrollably at your foes.
Your spells are a little easier to cast, but a little less powerful.


Message History

The golden flame engulfs Cerebov but does no damage.
Cerebov is severely wounded.
Unknown command.
Unknown command.
Unknown command.
Unknown command.
You beat the Brimstone Fiend like a drum!!!!
You kill the Brimstone Fiend!
The Shining One accepts your kill.
You feel better.
You feel your power returning.
Unknown command.
Unknown command.
Press: ? - help, v - describe, . - travel, g - get item
Here: Cerebov, wielding the +6 sword of Cerebov {flame} (severely wounded, fast, haloed)
Items here: a +0 scimitar of flaming; a scroll of enchant armour.
The floor.
Unknown command.
Aiming: Thunderbolt
Press: ? - help, Shift-Dir - straight line, f - Cerebov
Aim: Cerebov, wielding the +6 sword of Cerebov {flame} (severely wounded, fast, haloed)
Okay, then.
Press: ? - help, v - describe, . - travel
Here: a Brimstone Fiend (summoned, haloed)
The floor.
That's the wrong kind of item! (Use * to select it.) Evoke which item? (* to show all) (? for menu, Esc to quit)
Okay, then.
Unknown command.
You feel better.
You spit Cerebov like a pig!!!
Cerebov convulses!!!
Cerebov is severely wounded.
Cerebov hits you with the +6 sword of Cerebov {flame}!!!
* * * LOW HITPOINT WARNING * * *
Cerebov burns you!
* * * LOW HITPOINT WARNING * * *
Unknown command.
You hit Cerebov but do no damage.
Cerebov is severely wounded.
Cerebov hits you with the +6 sword of Cerebov {flame}!!!
You die...

....#####...,,****#.........#####
............,,,,,................
...........(,,................#..
............,##.1.##...##.....#..
...................+..........#..
................°1.#..........'..
.(.............,.).#..$.......#..
####..####...####&#######.##.####
##..####...##.@)####.#####.####
#............§§................
#...............[..............
#.........../.........☼........
#...........................∩..
#...##.........................
##...##........................°
#....##'######...###.#...#.#...#
#....##...####...###.#...#.#...#


You could see Cerebov (fast) and a Brimstone Fiend (summoned).

Vanquished Creatures
  the Royal Jelly (Slime:5)
  A pandemonium lord (Pan)
  Gloorx Vloq (Pan)
  A dread lich (Crypt:1)
  Mennas (Crypt:2)
  An orb of fire (Zot:3)
  Josephina (Crypt:1)
  Sojobo (Vaults:3)
  Vv (Depths:2)
  Saint Roka (Vaults:3)
  Vashnia (Snake:4)
  Xtahua (Crypt:1)
  4 curse toes
  the Enchantress (Depths:2)
  8 golden dragons
  Jory (Depths:4)
  A profane servitor (Abyss:6)
  4 bone dragons
  2 doom hounds (Crypt:1)
  An electric golem (Zot:2)
  A hellephant (Abyss:6)
  2 Brimstone Fiends (Pan)
  3 Tzitzimimeh
  Rupert (D:14)
  A spectral shard shrike (Crypt:3)
  Zenata (Vaults:2)
  2 Ice Fiends (Pan)
  12 tentacled monstrosities
  6 Orb Guardians (Zot:5)
  8 liches
  A walking divine tome (Depths:4)
  Grunn (Crypt:1)
  4 deep elf blademasters
  5 quicksilver dragons
  16 acid blobs
  4 deep elf master archers
  Gastronok (D:9)
  15 titans
  9 death cobs
  19 Executioners
  8 sphinxes
  20 tentacled starspawn
  2 ancient champions
  12 storm dragons
  7 shadow dragons
  3 thorn hunters
  9 tengu reavers
  8 draconian monks
  Donald (Snake:4)
  17 fire giants
  3 azure jellies
  8 rockslimes
  6 deep elf sorcerers
  3 nagarajas
  6 revenants
  6 draconian knights
  18 frost giants
  A caustic shrike zombie (Depths:3)
  10 draconian shifters
  7 draconian scorchers
  4 iron dragons
  7 balrugs
  A spectral juggernaut (Depths:3)
  A cacodemon (Abyss:6)
  19 vault wardens
  3 ghost moths
  2 ghouls (Crypt:2)
  5 draconian stormcallers
  3 angels
  A juggernaut zombie (Depths:3)
  A deep elf elementalist (Elf:3)
  3 curse skulls
  2 orc warlords
  4 spriggan defenders (Depths:2)
  Aizul (Vaults:2)
  11 draconian annihilators
  A caustic shrike skeleton (Crypt:2)
  7 reapers
  14 very ugly things
  10 ironbound thunderhulks
  23 stone giants
  4 quicksilver oozes
  3 juggernaut skeletons
  6 vampire knights
  5 war gargoyles
  A rockslime zombie (Crypt:3)
  8 deep elf demonologists
  19 ironbound preservers
  8 purple draconians
  17 green draconians
  5 lorocyprocas
  A spectral titan (Depths:3)
  13 red draconians
  10 eleionomae
  2 halazid warlocks (Desolation)
  17 white draconians
  18 yellow draconians
  A putrid mouth (Crypt:1)
  5 bunyips
  8 deep elf annihilators
  4 dire elephants (Vaults:2)
  5 entropy weavers
  17 black draconians
  9 spark wasps
  9 eidola
  Snorg (Lair:4)
  3 crystal guardians
  14 deep elf death magi
  16 ettins
  2 green deaths (Abyss:6)
  14 yaktaur captains
  A quicksilver dragon zombie (Depths:3)
  5 fire dragons
  A fire dragon (shapeshifter) (Depths:1)
  11 jiangshi
  3 spectral spriggans (Crypt:3)
  4 spectral golden dragons (Depths:3)
  3 spectral quicksilver dragons (Crypt:3)
  A shambling mangrove (Swamp:3)
  8 ragged hierophants (Desolation)
  6 deep elf high priests
  7 servants of whispers (Desolation)
  4 rakshasas
  A spriggan zombie (Crypt:3)
  33 vault guards
  7 ice dragons
  5 boulder beetles
  8 great orbs of eyes
  A catoblepas (shapeshifter) (Depths:4)
  A catoblepas (Lair:2)
  3 salamander tyrants (Snake:4)
  A hell beast (Depths:1)
  8 peacekeepers
  6 spriggan air magi
  26 hydras
  25 centaur warriors
  A spectral sphinx (Depths:3)
  A ghost crab (Swamp:3)
  A juggernaut simulacrum (Crypt:3)
  22 two-headed ogres
  5 ogre magi
  3 hell hogs (Abyss:6)
  10 naga warriors
  10 ironbound frosthearts
  2 death knights (D:13)
  A spectral human (Crypt:3)
  13 anacondas
  An anaconda (shapeshifter) (Vaults:5)
  32 dancing weapons
  A death scarab (Crypt:2)
  7 deep troll earth magi
  4 tengu warriors
  3 deep troll shamans
  A shock serpent (shapeshifter) (Depths:4)
  9 vampire magi
  4 alligators
  2 quicksilver ooze zombies (Crypt:3)
  7 shock serpents
  33 thrashing horrors
  4 spriggan berserkers
  13 naga sharpshooters
  A spectral dire elephant (Crypt:3)
  9 soul eaters (Pan)
  10 hell knights
  17 wretched stars
  3 sun demons
  A titan zombie (Crypt:3)
  17 deep elf knights
  5 sixfirhies (Abyss:6)
  9 iron trolls
  2 storm dragon skeletons (Depths:3)
  A golden dragon zombie (Depths:3)
  11 shadow wraiths
  2 spatial maelstroms
  A death drake (Abyss:3)
  3 goliath frogs
  A spectral spark wasp (Depths:3)
  Amaemon (D:11)
  60 deep trolls
  9 flayed ghosts
  2 spriggan simulacra (Crypt:3)
  11 glowing orange brains
  34 skeletal warriors
  5 spriggan druids
  11 swamp dragons
  3 salamander mystics
  6 bog bodies
  6 naga ritualists
  A shadow demon (Abyss:6)
  A quicksilver dragon simulacrum (Depths:1)
  A spectral hydra (Crypt:3)
  A spectral iron dragon (Crypt:3)
  7 harpies
  8 lindwurms (Vaults:3)
  An anaconda zombie (Abyss:3)
  23 ironbound convokers
  10 deep elf archers
  11 wizards
  An iron giant skeleton (Crypt:2)
  21 deep elf zephyrmancers
  A tengu zombie (Depths:3)
  5 necromancers
  7 orc knights
  A wolf spider (Vaults:5)
  2 tengu skeletons
  15 phantasmal warriors
  A shadow dragon zombie (Depths:3)
  51 ugly things
  2 sphinx zombies (Depths:3)
  6 mana vipers
  21 deep elf pyromancers
  3 manticores
  A wolf spider (shapeshifter) (Depths:3)
  2 worldbinders
  5 cyclopes
  16 salamanders
  A shadow dragon skeleton (Vaults:2)
  5 orc sorcerers
  5 shining eyes
  A spectral centaur (Crypt:3)
  4 will-o-the-wisps
  A moth of wrath (shapeshifter) (Vaults:5)
  A stone giant skeleton (Pan)
  4 rust devils
  An iron dragon skeleton (Crypt:2)
  16 naga magi
  10 elephants
  31 moths of wrath
  33 black mambas
  14 vault sentinels
  3 eyes of devastation
  3 molten gargoyles (Desolation)
  3 frost giant skeletons (Vaults:2)
  11 guardian serpents
  An apocalypse crab (Abyss:6)
  A guardian serpent (shapeshifter) (D:13)
  A shock serpent skeleton (Crypt:2)
  A cane toad (shapeshifter) (D:15)
  A titan simulacrum (Vaults:4)
  A storm dragon simulacrum (Depths:3)
  14 smoke demons
  2 centaur skeletons
  5 orange demons
  6 demonic crawlers (Pan)
  14 cane toads
  5 elf skeletons
  An unseen horror (Pan)
  34 yaktaurs
  A black draconian zombie (Crypt:1)
  3 hellions
  4 kobold demonologists
  4 efreet
  2 rime drakes
  4 komodo dragons
  An anaconda simulacrum (Abyss:3)
  A tengu conjurer (Depths:4)
  A spark wasp simulacrum (Depths:3)
  4 tormentors (Depths:3)
  12 ancient zymes
  21 freezing wraiths
  6 hellwings
  A human skeleton (Vaults:2)
  A purple draconian skeleton (Crypt:2)
  A harpy zombie (Crypt:3)
  2 spectral harpies (Crypt:3)
  A troll (shapeshifter) (Vaults:5)
  A red devil (Crypt:3)
  A silent spectre (Abyss:3)
  9 trolls
  A yaktaur skeleton (Vaults:2)
  A meliai (shapeshifter) (Abyss:2)
  87 slime creatures
  A sphinx simulacrum (Depths:3)
  2 bloated husks
  An iron troll skeleton (Crypt:1)
  2 harpy skeletons (Pan)
  A tarantella (Vaults:4)
  A polar bear (Lair:4)
  A hydra skeleton (Crypt:1)
  8 tyrant leeches
  21 hornets
  A fire giant simulacrum (Depths:3)
  6 meliai (D:15)
  A tyrant leech (shapeshifter) (Vaults:5)
  57 saltlings (Desolation)
  27 raiju
  31 blink frogs
  A frost giant simulacrum (Depths:3)
  A slime creature (shapeshifter) (Vaults:5)
  Sigmund (D:4)
  65 starcursed masses
  2 centaur simulacra
  17 ynoxinuls
  A culicivora (shapeshifter) (D:13)
  2 flying skulls
  A jumping spider (Vaults:4)
  5 shadows
  10 wraiths
  A dire elephant simulacrum (Crypt:3)
  3 air elementals (Elf:2)
  4 wyverns
  A naga simulacrum (Crypt:3)
  40 spriggans
  A hog (Lair:5)
  2 vampires
  16 humans
  11 water elementals
  41 yaks
  2 fire bats (Depths:4)
  5 fire elementals
  9 basilisks
  60 large abominations
  A steam dragon (D:9)
  8 golden eyes
  11 vampire mosquitoes
  5 redbacks
  8 chaos spawn
  Eustachio (D:5)
  3 harpy simulacra
  7 neqoxecs
  A glowing shapeshifter zombie (Depths:3)
  12 swamp worms
  A swamp worm (shapeshifter) (Vaults:4)
  3 wargs
  Edmund (D:5)
  43 nagas
  8 water moccasins
  An acid dragon (D:13)
  A deep troll skeleton (Crypt:3)
  A floating eye (Abyss:3)
  A human simulacrum (Vaults:4)
  2 glowing shapeshifter skeletons (Depths:3)
  2 naga skeletons
  An ogre skeleton (Vaults:2)
  An ice beast (D:7)
  8 swamp drakes
  24 orc warriors
  A sky beast (D:8)
  5 black bears
  21 wolves
  An ogre (shapeshifter) (Abyss:3)
  14 centaurs
  A hog zombie (Crypt:3)
  33 ogres
  A lindwurm skeleton (Crypt:2)
  A blink frog skeleton (Crypt:3)
  3 phantoms
  11 kobold brigands
  14 bullfrogs
  A fire crab zombie (Crypt:1)
  A rime drake skeleton (Crypt:3)
  4 necrophages
  A gnoll sergeant (D:11)
  2 scorpions
  A demonspawn simulacrum (Crypt:2)
  3 earth elementals
  8 wights
  18 killer bees
  3 electric eels
  4 howler monkeys
  5 spriggan skeletons
  A polar bear skeleton (Crypt:1)
  A quasit (Abyss:3)
  7 iron imps
  5 hounds
  14 orc priests
  A jelly (D:7)
  A gnoll bouda (D:5)
  7 iguanas
  A basilisk skeleton (Crypt:1)
  Crazy Yiuf (D:3)
  22 orc wizards
  Natasha (thrice) (D:4 D:3)
  17 small abominations
  An ogre zombie (Crypt:1)
  A deep dwarf skeleton (Crypt:1)
  A boggart simulacrum (D:13)
  13 gnolls
  6 adders
  A shadow imp (D:6)
  14 white imps
  2 ufetubi
  A jelly zombie (Crypt:2)
  2 worms
  A dart slug (D:5)
  78 orcs
  7 endoplasms
  A giant cockroach (D:1)
  11 goblins
  13 hobgoblins
  4 jackals (D:4)
  14 kobolds
  4 quokkas
  6 ball pythons
  5 bats
  A frilled lizard (D:2)
  A gnoll zombie (Crypt:1)
  5 rats
  A briar patch (Swamp:3)
  A butterfly (Lair:1)
  A lurking horror (Abyss:6)
  10 starspawn tentacles
2970 creatures vanquished.

Vanquished Creatures (collateral kills)
  A balrug (Pan)
  2 ynoxinuls (Pan)
  A chaos spawn (Pan)
4 creatures vanquished.

Vanquished Creatures (others)
  A kraken (Abyss:6)
  A draconian knight (Zot:3)
  A black draconian (Zot:3)
  A spriggan simulacrum (Crypt:2)
  2 moths of wrath
  A hellwing (Abyss:2)
  A bunyip simulacrum (Crypt:2)
  A water elemental (Elf:2)
  A neqoxec (Abyss:3)
  2 bushes
  A demonic plant (Abyss:6)
  6 foxfires
  36 fungi
  A lurking horror (Abyss:6)
  97 plants
  37 starspawn tentacles
190 creatures vanquished.

Grand Total: 3164 creatures vanquished

Notes
Turn   | Place    | Note
-------+----------+-------------------------------------------
     0 | D:1      | TittyCrusher the Ogre Gladiator began the quest for the
                  | Orb.
     0 | D:1      | Reached XP level 1. HP: 22/22 MP: 1/1
   253 | D:1      | Reached XP level 2. HP: 27/31 MP: 2/2
   333 | D:1      | Found a faded altar of an unknown god.
   817 | D:2      | Found Caixurghasux's Magic Scroll Emporium.
   826 | D:2      | Bought a scroll of identify for 24 gold pieces
   892 | D:2      | Reached XP level 3. HP: 39/40 MP: 3/3
  1163 | D:2      | Bought a scroll of identify for 24 gold pieces
  1288 | D:2      | Bought a scroll of fog for 48 gold pieces
  1508 | D:2      | Found a burning altar of Makhleb.
  1544 | D:2      | Reached skill level 5 in Fighting
  1723 | D:2      | Identified the +6 dagger of Plunder {vorpal, rElec rPois}
  2165 | D:3      | Reached skill level 3 in Maces & Flails
  2176 | D:3      | Reached XP level 4. HP: 21/50 MP: 4/4
  2505 | D:3      | Found a white marble altar of Elyvilon.
  2558 | D:3      | Found a shimmering altar of Xom.
  2603 | D:3      | Reached skill level 4 in Maces & Flails
  2603 | D:3      | Reached XP level 5. HP: 55/57 MP: 5/5
  3465 | D:3      | Found a runed translucent door.
  3466 | D:3      | Noticed Crazy Yiuf
  3477 | D:3      | Killed Crazy Yiuf
  3483 | D:3      | Identified the +1 hammer "Cengaucu" {holy, Str+4 Int+2}
  3685 | D:3      | Reached skill level 5 in Maces & Flails
  3913 | D:3      | Reached XP level 6. HP: 66/66 MP: 6/6
  4086 | D:4      | Noticed Sigmund
  4169 | D:4      | Killed Sigmund
  4170 | D:4      | Reached skill level 6 in Maces & Flails
  4170 | D:4      | Reached XP level 7. HP: 72/72 MP: 7/7
  4220 | D:4      | Noticed Natasha
  4224 | D:4      | Killed Natasha
  4376 | D:2      | Bought a scroll of blinking for 90 gold pieces
  4409 | D:4      | Noticed Natasha
  4421 | D:3      | Killed Natasha
  4462 | D:3      | Noticed Natasha
  4507 | D:3      | Killed Natasha
  4648 | D:4      | Reached skill level 7 in Maces & Flails
  5056 | D:5      | Entered Level 5 of the Dungeon
  5543 | D:5      | Reached skill level 8 in Maces & Flails
  5543 | D:5      | Reached XP level 8. HP: 48/80 MP: 8/8
  5814 | D:5      | Noticed Edmund
  6183 | D:5      | HP: 4/80 [Edmund/puff of flame (5)]
  6184 | D:5      | Killed Edmund
  6652 | D:5      | Noticed Eustachio
  6857 | D:5      | Found a staircase to the Ecumenical Temple.
  6867 | Temple   | Entered the Ecumenical Temple
  6902 | Temple   | Became a worshipper of Warmaster Okawaru
  7011 | D:5      | Killed Eustachio
  7140 | D:5      | Reached skill level 9 in Maces & Flails
  7413 | D:5      | Found a hazy altar of Hepliaklqana.
  7951 | D:5      | Reached * piety under Okawaru
  7952 | D:5      | Reached skill level 10 in Maces & Flails
  7954 | D:5      | Reached XP level 9. HP: 49/87 MP: 9/9
  8464 | D:2      | Bought a scroll of enchant armour for 90 gold pieces
  8721 | D:6      | Identified the +10 rapier "Peato" {vorpal, rElec}
  8817 | D:6      | Reached skill level 11 in Maces & Flails
  9363 | D:7      | Reached ** piety under Okawaru
  9716 | D:7      | Reached skill level 1 in Invocations
  9993 | D:7      | Found a shimmering blue altar of Sif Muna.
 10538 | D:8      | Reached skill level 12 in Maces & Flails
 10920 | D:8      | Found a snail-covered altar of Cheibriados.
 10957 | D:8      | Reached XP level 10. HP: 96/96 MP: 11/11
 10967 | D:8      | Found a stormy altar of Qazlal.
 11222 | D:8      | Found a staircase to the Lair.
 12096 | D:9      | Noticed Gastronok
 12108 | D:9      | Killed Gastronok
 12109 | D:9      | Reached skill level 13 in Maces & Flails
 12968 | D:9      | Found Dikuh's General Store.
 13111 | D:9      | Reached skill level 14 in Maces & Flails
 13399 | D:9      | Reached *** piety under Okawaru
 13610 | D:9      | Found a glowing silver altar of Zin.
 13682 | Lair:1   | Entered Level 1 of the Lair of Beasts
 13719 | Lair:1   | Noticed a black mamba
 13734 | Lair:1   | Killed a black mamba
 13739 | Lair:1   | Reached XP level 11. HP: 49/102 MP: 10/12
 14095 | D:8      | Received a gift from Okawaru
 14536 | Lair:1   | Reached skill level 15 in Maces & Flails
 14854 | Lair:1   | Reached skill level 1 in Armour
 14974 | Lair:1   | Reached **** piety under Okawaru
 15905 | Lair:1   | Reached skill level 5 in Armour
 16312 | Lair:2   | Reached ***** piety under Okawaru
 16526 | Lair:2   | Noticed an eight-headed hydra
 16778 | Lair:2   | Killed an eight-headed hydra
 16778 | Lair:2   | Received a gift from Okawaru
 16778 | Lair:2   | Received a gift from Okawaru
 16779 | Lair:2   | Reached skill level 5 in Invocations
 16913 | Lair:2   | Reached XP level 12. HP: 90/111 MP: 16/16
 17075 | Lair:2   | Reached skill level 5 in Dodging
 17395 | Lair:2   | Noticed a catoblepas
 17426 | Lair:2   | Killed a catoblepas
 17426 | Lair:2   | Received a gift from Okawaru
 17815 | Lair:2   | You fall into a shaft and drop 1 floor!
 17921 | Lair:2   | Found a staircase to the Snake Pit.
 19409 | Lair:3   | Found a staircase to the Swamp.
 20662 | Lair:4   | Reached skill level 10 in Fighting
 21159 | Lair:4   | Found a staircase to the Slime Pits.
 21165 | Lair:4   | Reached XP level 13. HP: 137/137 MP: 17/17
 22160 | Lair:5   | Entered Level 5 of the Lair of Beasts
 22188 | Lair:4   | Reached skill level 16 in Maces & Flails
 22361 | Lair:5   | Noticed Nessos
 22614 | Lair:5   | Noticed Snorg
 23931 | Lair:5   | Identified the +5 dire flail of Dagyt {drain, rElec MP+9
                  | Str+2 Dex+4} (Okawaru gifted it to you on level 5 of the
                  | Lair of Beasts)
 23931 | Lair:5   | Received a gift from Okawaru
 24123 | Lair:5   | Noticed Nessos
 24123 | Lair:5   | Nessos changed into Nessos the hog
 24130 | Lair:5   | Killed Nessos the hog
 25500 | Lair:5   | Received a gift from Okawaru
 25727 | Lair:5   | Got Onkewn's Atlas of Sinister Magic and Ensorcelling
 25824 | Lair:5   | Reached ****** piety under Okawaru
 25832 | Lair:5   | Identified the +0 hat "Koosotra" {rF+} (Okawaru gifted it
                  | to you on level 5 of the Lair of Beasts)
 25832 | Lair:5   | Received a gift from Okawaru
 25833 | Lair:5   | Reached skill level 17 in Maces & Flails
 26093 | Lair:5   | Reached XP level 14. HP: 119/146 MP: 18/18
 26102 | Lair:5   | Found a corrupted altar of Lugonu.
 26102 | Lair:5   | Found a one-way gate to the infinite horrors of the Abyss.
 26624 | D:10     | Entered Level 10 of the Dungeon
 26798 | D:10     | Found Deah's Armour Shoppe.
 27373 | D:10     | Reached skill level 18 in Maces & Flails
 27426 | D:10     | Identified the +3 leather armour of Qazlal's Hope {rElec
                  | rF+ Dex+4 Stlth-}
 27539 | D:10     | Found an ornate altar of the Wu Jian Council.
 27705 | D:10     | Reached skill level 1 in Evocations
 28757 | D:11     | Identified the +6 giant club "Zotusoju" {vamp, rElec}
                  | (Okawaru gifted it to you on level 11 of the Dungeon)
 28757 | D:11     | Received a gift from Okawaru
 28913 | D:11     | Noticed Amaemon
 28950 | D:11     | Killed Amaemon
 29009 | D:11     | Found a staircase to the Orcish Mines.
 29579 | Orc:1    | Entered Level 1 of the Orcish Mines
 29579 | Orc:1    | Found a transporter.
 29621 | Orc:1    | Noticed Imhoden's ghost (journeyman GnIE)
 29670 | Orc:1    | Found a transporter.
 29673 | Orc:1    | Found a bloodstained altar of Trog.
 29895 | Orc:2    | Entered Level 2 of the Orcish Mines
 30393 | Orc:2    | Identified the +0 robe "Cuolyn" {Harm rF+ rC- Str+4}
                  | (Okawaru gifted it to you on level 2 of the Orcish Mines)
 30393 | Orc:2    | Received a gift from Okawaru
 30448 | Orc:2    | Found a staircase to the Elven Halls.
 30557 | Orc:2    | Found Tejuk's Distillery.
 30557 | Orc:2    | Found Ylefaote's General Store.
 30570 | Orc:2    | Reached skill level 19 in Maces & Flails
 30598 | Orc:2    | Reached XP level 15. HP: 153/153 MP: 19/19
 30630 | Orc:2    | Found Lupneet's Antique Armour Shoppe.
 30630 | Orc:2    | Found Fompal's Magic Scroll Shop.
 30642 | Orc:2    | Noticed an orc warlord
 30656 | Orc:2    | Killed an orc warlord
 30685 | Orc:2    | Bought a potion of curing for 48 gold pieces
 30685 | Orc:2    | Bought a scroll of teleportation for 48 gold pieces
 31021 | Orc:2    | Bought a potion of haste for 110 gold pieces
 31021 | Orc:2    | Bought a potion of might for 44 gold pieces
 31021 | Orc:2    | Bought a potion of heal wounds for 55 gold pieces
 31022 | Orc:2    | Bought a scroll of magic mapping for 120 gold pieces
 31022 | Orc:2    | Bought a scroll of magic mapping for 120 gold pieces
 31103 | Orc:1    | Found Danu's Gadget Gallery.
 31875 | D:12     | Found a stormy altar of Qazlal.
 31951 | D:12     | Found a portal to a secret trove of treasure.
 32345 | D:12     | Found a corrupted altar of Lugonu.
 33859 | D:14     | Noticed Rupert
 33859 | D:14     | Found a gate to the Vaults.
 33875 | D:13     | Identified the +0 buckler of the Foremost Suns {Will++}
 33915 | D:13     | Reached skill level 20 in Maces & Flails
 33950 | D:13     | Identified the +3 giant spiked club of Quunor {flame,
                  | Dex+2} (Okawaru gifted it to you on level 13 of the
                  | Dungeon)
 33950 | D:13     | Received a gift from Okawaru
 34365 | D:14     | Killed Rupert
 34560 | D:14     | Received a gift from Okawaru
 35613 | D:15     | Entered Level 15 of the Dungeon
 35955 | D:15     | Reached XP level 16. HP: 162/162 MP: 22/22
 35971 | D:15     | Reached skill level 21 in Maces & Flails
 36881 | D:15     | Found a staircase to the Depths.
 37393 | Snake:1  | Entered Level 1 of the Snake Pit
 37767 | Snake:1  | Identified the +2 robe "Cogas" {rC+ Will++} (Okawaru gifted
                  | it to you on level 1 of the Snake Pit)
 37767 | Snake:1  | Received a gift from Okawaru
 38163 | Snake:1  | Identified the +4 dagger "Ceheida" {vorpal, Int+2}
 39923 | Snake:2  | Noticed a nagaraja
 39932 | Snake:2  | Killed a nagaraja
 40580 | Snake:2  | Noticed a nagaraja
 40868 | Snake:2  | Killed a nagaraja
 41280 | Snake:2  | You fall into a shaft and drop 1 floor!
 41296 | Snake:3  | Found Liaraips's Jewellery Shop.
 41318 | Snake:3  | Bought a +6 ring of dexterity for 504 gold pieces
 41322 | Snake:3  | Bought a ring of protection from cold for 350 gold pieces
 41414 | Snake:3  | Found Oducyut's Book Emporium.
 41433 | Snake:3  | Found Istrav Ewod's Weapon Shoppe.
 41442 | Snake:3  | Found Tawkil's Jewellery Shoppe.
 41442 | Snake:3  | Found Souc's Magic Scroll Emporium.
 41503 | Snake:3  | Found Sachad's Armour Emporium.
 41747 | Snake:2  | Received a gift from Okawaru
 42174 | Snake:2  | Reached XP level 17. HP: 161/170 MP: 21/24
 42246 | Snake:3  | Identified a scroll of acquirement
 42284 | Snake:3  | Found Qaugofio's Assorted Antiques.
 42287 | Snake:3  | Bought a dark potion for 27 gold pieces
 42288 | Snake:3  | Acquired a ring of poison resistance
 42338 | Snake:3  | Reached skill level 10 in Invocations
 42340 | Snake:3  | Identified the +4 cloak of the Rose {rC+ Slay+3} (Okawaru
                  | gifted it to you on level 3 of the Snake Pit)
 42340 | Snake:3  | Received a gift from Okawaru
 42359 | Snake:3  | Found Jeockec's Distillery.
 42414 | Snake:3  | Found Gyofanlo's Distillery.
 42461 | Snake:3  | Bought a potion of heal wounds for 75 gold pieces
 42970 | Snake:4  | Entered Level 4 of the Snake Pit
 43669 | Snake:4  | Found an ancient bone altar of Kikubaaqudgha.
 43965 | Snake:4  | Noticed Donald
 43991 | Snake:4  | Killed Donald
 44443 | Snake:4  | Noticed Vashnia
 44450 | Snake:4  | Reached skill level 15 in Fighting
 44795 | Snake:4  | Identified the +0 fire dragon scales of the Amoeba {rF++
                  | rC- Str+3 Slay+2} (Okawaru gifted it to you on level 4 of
                  | the Snake Pit)
 44795 | Snake:4  | Received a gift from Okawaru
 45578 | Orc:2    | Bought a scroll of teleportation for 42 gold pieces
 45578 | Orc:2    | Bought a scroll of fear for 56 gold pieces
 45880 | Snake:3  | Bought a potion of might for 60 gold pieces
 45880 | Snake:3  | Bought a potion of magic for 120 gold pieces
 46017 | Snake:4  | Killed Vashnia
 46518 | Snake:4  | Got a serpentine rune of Zot
 47361 | Swamp:1  | Entered Level 1 of the Swamp
 47819 | Swamp:1  | Reached skill level 22 in Maces & Flails
 47819 | Swamp:1  | Reached XP level 18. HP: 162/193 MP: 21/27
 47991 | Swamp:1  | Found a runed translucent door.
 47992 | Swamp:1  | Noticed devnull's ghost (adept MfGl)
 48753 | Swamp:2  | Identified the +0 scale mail "Onweef" {Will++}
 48776 | Swamp:2  | Received a gift from Okawaru
 49013 | Swamp:2  | Found a sacrificial altar of Ru.
 49565 | Swamp:3  | Reached skill level 10 in Armour
 49917 | Swamp:3  | Found a shimmering altar of Xom.
 49986 | Swamp:3  | Received a gift from Okawaru
 50249 | Swamp:4  | Entered Level 4 of the Swamp
 50521 | Swamp:4  | Got a decaying rune of Zot
 51407 | Elf:1    | Entered Level 1 of the Elven Halls
 51419 | Elf:1    | Identified the +0 robe of Calculation {Str+4} (Okawaru
                  | gifted it to you on level 1 of the Elven Halls)
 51419 | Elf:1    | Received a gift from Okawaru
 51423 | Elf:1    | Reached XP level 19. HP: 201/201 MP: 25/28
 51808 | Elf:1    | Found Woupea Bapou's Assorted Antiques.
 52196 | Elf:1    | Got Kut Ruum's Reference Book on the Dead
 52803 | Elf:2    | Paralysed by an air elemental for 1 turns
 52806 | Elf:2    | Paralysed by an air elemental for 1 turns
 52829 | Elf:2    | Paralysed by an air elemental for 1 turns
 54209 | Elf:2    | Found a huge runed translucent gate.
 54209 | Elf:2    | Found a huge runed translucent gate.
 54209 | Elf:2    | Found a huge runed translucent gate.
 54209 | Elf:2    | Found a huge runed translucent gate.
 54210 | Elf:2    | Found a huge runed translucent gate.
 55532 | Orc:2    | Bought a scroll of enchant weapon for 105 gold pieces
 57670 | Orc:2    | Bought a scroll of brand weapon for 133 gold pieces
 57788 | Elf:2    | Reached skill level 10 in Dodging
 57818 | Elf:2    | Identified the +4 ice dragon scales of Impermeability {rF-
                  | rC++ Will+} (Okawaru gifted it to you on level 2 of the
                  | Elven Halls)
 57818 | Elf:2    | Received a gift from Okawaru
 58558 | Elf:3    | Entered Level 3 of the Elven Halls
 60048 | Elf:3    | Noticed a Hell Sentinel
 60085 | Abyss:2  | Cast into level 2 of the Abyss (a deep elf demonologist)
 60206 | Abyss:2  | Reached XP level 20. HP: 120/210 MP: 18/29
 60337 | Abyss:2  | Found a corrupted altar of Lugonu.
 60534 | Elf:3    | Escaped the Abyss
 60536 | Elf:3    | Noticed a Brimstone Fiend
 60770 | Elf:3    | Got the Quarto of Grit and the Grave
 60794 | Elf:3    | Identified the +1 scale mail of the Great Game {*Slow rElec
                  | Dex+7}
 60819 | Elf:3    | Identified the +5 dire flail of Distraction {drain, rC+++
                  | Int-4 Dex+3}
 60994 | Elf:3    | Identified the +5 acid dragon scales of Moireori {-Cast
                  | Will+ Regen+ rCorr}
 61047 | Elf:3    | Identified the +4 great sword "Wypre" {drain, rF- rN+
                  | rCorr}
 61547 | Elf:3    | Identified the +3 dagger "Qirphisit" {elec, rPois rC+
                  | Str+3}
 61552 | Elf:3    | Identified the +0 falchion "Xesil" {freeze, rF+}
 61555 | Elf:3    | Identified the +5 ring mail "Awiopn" {-Cast rN+++ rCorr
                  | Int-5}
 61915 | Vaults:1 | Entered Level 1 of the Vaults
 62014 | Vaults:1 | Found a crumbling gateway.
 62057 | Desolati | Entered the Desolation of Salt
 62106 | Desolati | Got Etomuk's Folio of Traumaturgy and Terra Firma
 62250 | Desolati | Identified the ring "Doojabb" {Fly rF+ rCorr MP-9}
 62324 | Desolati | Identified the +2 hat of Okawaru's Pride {Int+4 Dex-4 SInv}
                  | (Okawaru gifted it to you in the Desolation of Salt)
 62324 | Desolati | Received a gift from Okawaru
 62382 | Desolati | Got the Book of the Viperous Boulder
 62451 | Desolati | Identified the +1 leather armour of Somewhere Else {rElec
                  | rPois rC++ Int-3 SInv}
 62493 | Desolati | Identified the amulet "Oteure" {RegenMP +Inv}
 63742 | Vaults:1 | Reached XP level 21. HP: 234/234 MP: 30/30
 63912 | Vaults:1 | Reached skill level 5 in Evocations
 64072 | Vaults:1 | Found Ezisorex's Distillery.
 64078 | Vaults:1 | Bought a potion of ambrosia for 152 gold pieces
 64078 | Vaults:1 | Bought a potion of haste for 190 gold pieces
 64078 | Vaults:1 | Bought 2 potions of might for 152 gold pieces
 64537 | Vaults:2 | Found a staircase to the Crypt.
 64730 | Vaults:2 | Found the +8 demon trident "Rift" {distort, reach+}
 64748 | Vaults:2 | Acquired the +0 cloak "Udurph" {Regen+ Str+3}
 64762 | Vaults:2 | Noticed Aizul
 64784 | Vaults:2 | Killed Aizul
 64795 | Vaults:2 | Received a gift from Okawaru
 65218 | Vaults:2 | Received a gift from Okawaru
 65219 | Vaults:2 | Reached skill level 10 in Evocations
 65539 | Vaults:2 | Noticed Zenata
 66244 | Vaults:3 | Found a flickering gateway to a bazaar.
 66269 | Bazaar   | Entered a bazaar
 66294 | Bazaar   | Found Nushinoni's Jewellery Shoppe.
 66310 | Bazaar   | Found Weir's Weapon Emporium.
 66326 | Bazaar   | Found Obrikk's General Store.
 66393 | Bazaar   | Bought the ring of the Magpie {Fly rCorr EV+4 Str+4 Dex+3}
                  | for 1242 gold pieces
 66421 | Bazaar   | Bought a potion of curing for 27 gold pieces
 66635 | Vaults:3 | Reached XP level 22. HP: 243/243 MP: 31/31
 66637 | Vaults:3 | Reached skill level 23 in Maces & Flails
 66894 | Vaults:3 | Received a gift from Okawaru
 66943 | Vaults:3 | Noticed Saint Roka
 66978 | Vaults:3 | Killed Saint Roka
 68653 | Vaults:4 | Noticed Sojobo
 69046 | Vaults:3 | Killed Sojobo
 69047 | Vaults:3 | Reached skill level 24 in Maces & Flails
 69774 | Vaults:4 | Identified the +9 dagger "Noun" {vorpal, rPois rF++ Int+3
                  | Stlth-}
 70200 | Vaults:2 | Killed Zenata
 70254 | Crypt:1  | Entered Level 1 of the Crypt
 70421 | Crypt:1  | Received a gift from Okawaru
 70446 | Crypt:1  | Reached skill level 25 in Maces & Flails
 70670 | Crypt:1  | Reached XP level 23. HP: 252/252 MP: 32/32
 70812 | Crypt:1  | Noticed Xtahua
 70823 | Crypt:1  | Noticed Grunn
 71164 | Crypt:1  | Killed Grunn
 71164 | Crypt:1  | Noticed a dread lich
 71168 | Crypt:1  | Received a gift from Okawaru
 71429 | Crypt:1  | Killed a dread lich
 71545 | Crypt:2  | Identified the ring of Zuoxt {Ice Dex+3}
 71545 | Crypt:2  | Noticed Josephina
 71756 | Crypt:1  | Killed Xtahua
 71994 | Crypt:1  | Killed Josephina
 72111 | Crypt:2  | Reached skill level 26 in Maces & Flails
 72309 | Crypt:2  | Noticed Mennas
 72323 | Crypt:2  | Killed Mennas
 72478 | Crypt:2  | Received a gift from Okawaru
 72907 | Crypt:3  | Entered Level 3 of the Crypt
 72923 | Crypt:3  | Found an ancient bone altar of Kikubaaqudgha.
 72975 | Crypt:3  | Identified the +0 leather armour of the Disturbing Bones
                  | {rC++ Will- Dex+2}
 73038 | Crypt:3  | Identified the +1 robe of Responsibility {rElec rF+ MP-9
                  | Int+3} (Okawaru gifted it to you on level 3 of the Crypt)
 73038 | Crypt:3  | Received a gift from Okawaru
 73040 | Crypt:3  | Found the +12 glaive of Prune {vorpal}
 73197 | Crypt:3  | Found a staircase to the Tomb.
 73961 | Crypt:3  | Reached skill level 27 in Maces & Flails
 74100 | Crypt:3  | Reached XP level 24. HP: 155/258 MP: 32/32
 74267 | Crypt:3  | Found the +9 sword of Zonguldrok {reap}
 74709 | Depths:1 | Entered Level 1 of the Depths
 74836 | Depths:1 | Identified the +2 robe of Philately {-Tele Harm Rampage
                  | Str+5} (Okawaru gifted it to you on level 1 of the Depths)
 74836 | Depths:1 | Received a gift from Okawaru
 75272 | Depths:1 | Identified the +2 leather armour "Voeb" {Fly rC+}
 75716 | Depths:1 | Found a gateway to Hell.
 75926 | Depths:1 | Found a runed translucent door.
 76145 | Depths:2 | Found a one-way gate leading to the halls of Pandemonium.
 76220 | Depths:2 | Reached skill level 15 in Dodging
 76220 | Depths:2 | Found a one-way gateway to a ziggurat.
 76267 | Depths:2 | Identified the +1 robe "Hanouho" {rC+ Str+4 Dex+4} (Okawaru
                  | gifted it to you on level 2 of the Depths)
 76267 | Depths:2 | Received a gift from Okawaru
 76284 | Depths:2 | Noticed the Enchantress
 76304 | Depths:2 | Killed the Enchantress
 76655 | Depths:2 | Noticed Vv
 76676 | Depths:2 | Killed Vv
 76844 | Depths:2 | Reached skill level 15 in Armour
 77438 | Depths:3 | Found an ancient bone altar of Kikubaaqudgha.
 77689 | Depths:3 | Received a gift from Okawaru
 77697 | Depths:3 | You are sucked into a shaft and drop 1 floor!
 77697 | Depths:4 | Entered Level 4 of the Depths
 77865 | Depths:3 | Reached XP level 25. HP: 250/274 MP: 32/32
 78571 | Depths:3 | Identified the +0 tower shield "Pupeux" {rF+ Str+2}
                  | (Okawaru gifted it to you on level 3 of the Depths)
 78571 | Depths:3 | Received a gift from Okawaru
 78823 | Depths:3 | Identified the ring of Biexehosk {rElec rCorr MP-9 Slay+4
                  | Stlth+}
 79468 | Depths:4 | Found a hide-covered altar of Uskayaw.
 79821 | Depths:4 | Found a gate to the Realm of Zot.
 80145 | Depths:4 | Noticed Jory
 80159 | Depths:4 | Killed Jory
 81060 | Vaults:5 | Entered Level 5 of the Vaults
 81152 | Vaults:5 | Identified the +3 robe of Gravitas {rF+ Int+2} (Okawaru
                  | gifted it to you on level 5 of the Vaults)
 81152 | Vaults:5 | Received a gift from Okawaru
 81481 | Vaults:5 | Identified the ring "Rivaufou" {Fire +Blink Will- Stlth+}
 81537 | Vaults:5 | Identified the ring of Vehumet's Grace {Wiz rCorr Dex+6}
 81540 | Vaults:5 | Identified the +6 quick blade of the Whelk {freeze, rPois
                  | Will+}
 81692 | Vaults:5 | Reached XP level 26. HP: 261/283 MP: 32/32
 81917 | Vaults:5 | Identified the +2 ring mail of Claustrophobia {Dex+3}
 82017 | Vaults:5 | Identified the +9 great mace of Responsibility {vorpal, rF+
                  | rN+ rCorr Dex-3} (Okawaru gifted it to you on level 5 of
                  | the Vaults)
 82017 | Vaults:5 | Received a gift from Okawaru
 82295 | Vaults:5 | Identified the +6 buckler of Sloth {Regen+ Dex+2}
 82372 | Vaults:5 | Identified the +3 cloak "Xadixaoc" {Rampage Will+ Dex+4
                  | SInv}
 82390 | Vaults:5 | Got a silver rune of Zot
 82434 | Vaults:5 | Learned a level 2 spell: Blink
 82437 | Vaults:5 | Learned a level 2 spell: Wereblood
 82714 | Vaults:5 | Reached skill level 1 in Translocations
 83291 | Zot:1    | Entered Level 1 of the Realm of Zot
 83882 | Zot:1    | Reached skill level 1 in Transmutations
 84798 | Orc:2    | Bought a scroll of enchant armour for 105 gold pieces
 84798 | Orc:2    | Bought a scroll of enchant armour for 105 gold pieces
 84893 | D:12     | You paid a toll of +4 storm dragon scales to enter a
                  | treasure trove
 84894 | Trove    | Entered a treasure trove
 84896 | Trove    | Found a bloodstained altar of Trog.
 84911 | Trove    | Found the +8 Wrath of Trog {antimagic, *Rage Rampage}
 84965 | Trove    | Identified the +0 arbalest "Doul" {speed, rPois rF- rN+}
 85229 | Lair:4   | Killed Snorg
 85246 | Slime:1  | Entered Level 1 of the Pits of Slime
 85615 | Slime:2  | Reached skill level 1 in Spellcasting
 85837 | Slime:3  | Gained mutation: Armour fits poorly on your strangely
                  | shaped body. [a shining eye]
 85839 | Slime:3  | Gained mutation: You occasionally lose the ability to read
                  | scrolls when taking damage. [a shining eye]
 85962 | Slime:4  | Reached skill level 5 in Spellcasting
 85986 | Slime:3  | Received a gift from Okawaru
 86361 | Snake:3  | Lost mutation: You occasionally lose the ability to read
                  | scrolls when taking damage. [potion of mutation]
 86361 | Snake:3  | Lost mutation: Armour fits poorly on your strangely shaped
                  | body. [potion of mutation]
 86361 | Snake:3  | Gained mutation: You occasionally lose the ability to drink
                  | potions when taking damage. [potion of mutation]
 86361 | Snake:3  | Gained mutation: You are resistant to electric shocks.
                  | (rElec) [potion of mutation]
 86362 | Snake:3  | Lost mutation: You occasionally lose the ability to drink
                  | potions when taking damage. [potion of mutation]
 86362 | Snake:3  | Lost mutation: You are resistant to electric shocks.
                  | (rElec) [potion of mutation]
 86362 | Snake:3  | Gained mutation: Your spells are a little easier to cast,
                  | but a little less powerful. [potion of mutation]
 86362 | Snake:3  | Gained mutation: You occasionally shout uncontrollably at
                  | your foes. [potion of mutation]
 86362 | Snake:3  | Gained mutation: Your skin changes colour to match your
                  | surroundings (Stealth+). [potion of mutation]
 87703 | Slime:5  | Entered Level 5 of the Pits of Slime
 87904 | Slime:5  | Noticed the Royal Jelly
 87938 | Slime:5  | Killed the Royal Jelly
 88002 | Slime:5  | Got a slimy rune of Zot
 88006 | Slime:5  | Got the Incunabulum of the Tanner
 88027 | Slime:5  | Got the Vellum of the Figure
 88059 | Slime:5  | Identified the amulet of Ralicham {Faith Int+8}
 88074 | Slime:5  | Identified the +7 dagger "Murmur" {drain, Str+5 Dex+5}
 89015 | Depths:3 | Voluntarily entered the Abyss.
 89214 | Abyss:3  | Reached skill level 5 in Transmutations
 89241 | Abyss:3  | Received a gift from Okawaru
 89274 | Abyss:3  | Got an abyssal rune of Zot
 89324 | Abyss:3  | Received a gift from Okawaru
 89350 | Abyss:4  | Found a corrupted altar of Lugonu.
 89406 | Depths:3 | Escaped the Abyss
 89568 | Depths:3 | Learned a level 6 spell: Statue Form
 89582 | Depths:3 | Learned a level 1 spell: Apportation
 89587 | Depths:3 | Learned a level 4 spell: Passage of Golubria
 89702 | Zot:1    | Received a gift from Okawaru
 89763 | Zot:1    | Reached XP level 27. HP: 255/275 MP: 36/36
 91831 | Zot:2    | Received a gift from Okawaru
 91865 | Zot:2    | Reached skill level 15 in Invocations
 92662 | Zot:2    | Identified the +7 dire flail of Wrongful Imprisonment
                  | {flame, rElec Will+ Dex+2 Stlth+} (Okawaru gifted it to you
                  | on level 2 of the Realm of Zot)
 92662 | Zot:2    | Received a gift from Okawaru
 94275 | Zot:3    | Found a runed translucent gate.
 94277 | Zot:3    | Found a runed translucent gate.
 94278 | Zot:3    | Found a runed translucent gate.
 94279 | Zot:3    | Noticed a dread lich
 94279 | Zot:3    | Noticed Amadilybb's ghost (master GnWn)
 94700 | Zot:3    | Noticed an orb of fire
 94715 | Zot:3    | Gained mutation: Armour fits poorly on your strangely
                  | shaped body. [an orb of fire]
 94716 | Zot:3    | Reached skill level 5 in Translocations
 94717 | Zot:3    | Killed an orb of fire
 95534 | Zot:4    | Acquired 816 gold pieces
 95553 | Zot:4    | Received a gift from Okawaru
 97241 | Zot:5    | Entered Level 5 of the Realm of Zot
 98172 | Zot:5    | Identified the +5 giant club "Suyrom" {antimagic, rF+
                  | Stlth+} (Okawaru gifted it to you on level 5 of the Realm
                  | of Zot)
 98172 | Zot:5    | Received a gift from Okawaru
 99122 | Temple   | Fell from the grace of Okawaru
 99122 | Temple   | Became a worshipper of the Shining One
100032 | Depths:3 | Voluntarily entered the Abyss.
100142 | Abyss:4  | Paralysed by accursed screaming for 1 turns
100152 | Abyss:4  | Reached * piety under the Shining One
100332 | Abyss:5  | Reached ** piety under the Shining One
100338 | Depths:3 | Escaped the Abyss
100701 | Depths:3 | Voluntarily entered the Abyss.
100701 | Abyss:5  | Found a corrupted altar of Lugonu.
100706 | Depths:3 | Escaped the Abyss
101427 | Depths:3 | Voluntarily entered the Abyss.
101553 | Abyss:6  | Reached *** piety under the Shining One
101553 | Abyss:6  | Found a corrupted altar of Lugonu.
101593 | Abyss:6  | Reached **** piety under the Shining One
101700 | Depths:3 | Escaped the Abyss
102662 | Depths:3 | Voluntarily entered the Abyss.
102727 | Abyss:6  | Reached ***** piety under the Shining One
102830 | Depths:3 | Escaped the Abyss
103312 | Depths:3 | Voluntarily entered the Abyss.
103382 | Depths:3 | Escaped the Abyss
104351 | Depths:3 | Voluntarily entered the Abyss.
104392 | Abyss:6  | Reached ****** piety under the Shining One
104472 | Abyss:6  | Found a corrupted altar of Lugonu.
104473 | Abyss:6  | Identified a +4 giant spiked club of holy wrath (a +2
                  | spectral giant spiked club blessed by the Shining One)
104473 | Abyss:6  | Received a gift from the Shining One
104497 | Abyss:6  | HP: 11/302 [starcursed mass/accursed screaming (7)]
104521 | Abyss:6  | HP: 14/302 [raiju/living lightning (11)]
104613 | Abyss:7  | Entered Level 7 of the Abyss
104613 | Abyss:7  | Found a corrupted altar of Lugonu.
104642 | Depths:3 | Escaped the Abyss
105292 | Orc:2    | Bought a potion of curing for 33 gold pieces
105292 | Orc:2    | Bought a potion of curing for 33 gold pieces
105292 | Orc:2    | Bought a potion of curing for 33 gold pieces
105587 | Snake:3  | Bought a scroll of teleportation for 42 gold pieces
105587 | Snake:3  | Bought a scroll of teleportation for 42 gold pieces
105587 | Snake:3  | Bought a scroll of teleportation for 42 gold pieces
106395 | Snake:3  | Bought a potion of curing for 45 gold pieces
106395 | Snake:3  | Bought a potion of haste for 150 gold pieces
106395 | Snake:3  | Bought a potion of haste for 150 gold pieces
106395 | Snake:3  | Bought a potion of brilliance for 60 gold pieces
106395 | Snake:3  | Bought a potion of cancellation for 120 gold pieces
106417 | Snake:3  | Bought 2 potions of curing for 90 gold pieces
106417 | Snake:3  | Bought a potion of resistance for 150 gold pieces
106417 | Snake:3  | Bought a potion of curing for 45 gold pieces
106417 | Snake:3  | Bought a potion of cancellation for 120 gold pieces
106417 | Snake:3  | Bought a potion of curing for 45 gold pieces
106417 | Snake:3  | Bought a potion of cancellation for 120 gold pieces
106417 | Snake:3  | Bought a potion of haste for 150 gold pieces
106752 | Vaults:1 | Bought 2 potions of curing for 114 gold pieces
106752 | Vaults:1 | Bought a potion of curing for 57 gold pieces
107389 | Snake:3  | Bought a potion of brilliance for 60 gold pieces
107389 | Snake:3  | Bought 2 potions of attraction for 90 gold pieces
107727 | Pan      | Entered Pandemonium
107727 | Pan      | Noticed Ranun the pandemonium lord
107745 | Pan      | Killed Ranun the pandemonium lord
107963 | Pan      | Entered the realm of Gloorx Vloq.
108075 | Pan      | Found an exit through the horrors of the Abyss.
108541 | Pan      | Reached skill level 1 in Earth Magic
108660 | Pan      | Noticed Gloorx Vloq
108678 | Pan      | Killed Gloorx Vloq
108895 | Pan      | Reached skill level 5 in Earth Magic
109520 | Pan      | Got a dark rune of Zot
109569 | Pan      | Entered the realm of Cerebov.
109811 | Pan      | Found the +6 sword of Cerebov {flame}
109811 | Pan      | Noticed Cerebov
109833 | Pan      | Slain by Cerebov

Illustrated notes

Levels and vault maps discovered:
D:1:      dpeg_arrival_rhombus, layout_basic,
          hellmonk_ecumenical_altar_pennies_from_heaven
D:2:      layout_basic, basic_altar, serial_shops, shop, hex_tiny,
          corexii_item_surrounded_by_moat
D:3:      layout_loops_ring, elyvilon_altar_1, mainiacjoe_overflow_tiny_flanked,
          dreamdust_princess_corridor, uniq_crazy_yiuf_cottage
D:4:      layout_rooms, corexii_corridor_pit, uniq_natasha, uniq_sigmund
D:5:      layout_loops_ring, old_standard_altar,
          minmay_temple_entry_glassed_door, uniq_edmund, uniq_eustachio
D:6:      layout_basic
D:7:      layout_gridville, tgw_sif
D:8:      corexii_shantytown, layout_basic, lemuel_coloured_pillars_altar,
          mainiacjoe_overflow_catwalk, dpeg_oklobed_lair,
          kennysheep_another_room
D:9:      layout_long_grid, kennysheep_mini, serial_shops, shop, uniq_gastronok
D:10:     minmay_sliced_demisemicircle, layout_loops_ring,
          mainiacjoe_overflow_alcove_4, serial_shops, nicolae_diamond_shop
D:11:     layout_small_grid, david_orc_2, serial_co_window_serial,
          co_window_paths_a, co_window_paths_a, co_window_paths_b,
          co_window_corner_a, co_window_paths_a, co_window_corner_b,
          co_window_of_opportunity_c, co_window_broadway_a, co_window_2corner,
          co_window_corner_b, co_window_broadway_a, co_window_4corner_a,
          glass_columns_a, glass_columns_a, glass_columns_c, glass_columns_b,
          glass_columns_a, uniq_amaemon
D:12:     kennysheep_kobold_lugonu_temple, layout_basic,
          nicolae_trove_entry_crossroad, grunt_qazlal_clouds
D:13:     minmay_inside_and_out, layout_basic
D:14:     layout_basic, david_vaults_3, hangedman_decor_peaks_small,
          eino_small_chamber_without_monster, billiards_dpeg
D:15:     hangedman_depths_entry_civil_slaughter, layout_basic,
          serial_bayou_pond_e
Temple:   nicolae_temple_two_arcs
Lair:1:   layout_loops_ring, guppyfry_lair_drakes, grunt_megastairs_5,
          lemuel_fruit_fields
Lair:2:   layout_hall_layers, dummy_snake_entry, grunt_megastairs_2
Lair:3:   layout_regular_city, nicolae_swamp_entry_splash_gauntlet,
          serial_bayou_shore_b, serial_bayou_shore_b
Lair:4:   layout_roguey, slime_entry_1, portal_ice_cave_entry_imps
Lair:5:   hellmonk_lair_end_abyssal_woods, layout_cave_pods,
          gauntlet_entry_generic, st_stairs_3, uniq_nessos, uniq_snorg
Swamp:1:  layout_basic_swamp, ebering_ghost_reflecting_pool,
          infiniplex_staircase_pool_2
Swamp:2:  layout_basic_swamp, nicolae_swamp_godswood
Swamp:3:  nicolae_swamp_wrong_neighborhood, layout_basic_swamp,
          lemuel_altar_in_water
Swamp:4:  swamp, layout_basic_swamp
Snake:1:  layout_cave_pods
Snake:2:  layout_basic, nicolae_snake_snakewalk
Snake:3:  layout_honeycomb, serial_shops, nicolae_shop_crystal,
          nicolae_shop_trees, nicolae_shop_competitors_out_of_business,
          nicolae_shop_behind_doors, nicolae_shop_waterfront, minmay_shoptagon
Snake:4:  johnstein_snake_rune_scales, layout_cave_town, basic_altar,
          uniq_vashnia, uniq_donald
Slime:1:  layout_caves
Slime:2:  layout_caves
Slime:3:  layout_caves
Slime:4:  layout_caves
Slime:5
Orc:1:    layout_diamond_mine, gammafunk_ghost_wrathful_warriors,
          nicolae_shop_gadgets
Orc:2:    st_orc_ogre_mass, layout_caves, basic_altar, mines1_david
Elf:1:    minmay_elf_arrival_circle, layout_geoelf_diagonals, serial_shops,
          nicolae_shop_waterfront, minmay_elf_necromancy
Elf:2:    elven_hall_of_blades_hangedman_alternative
          [infiniplex_blade_entry_pillars], layout_rooms, minivault_24,
          grunt_ministairs_9, amethyst_killhole
Elf:3:    elf_hall_gauntlet_wide, layout_geoelf_castle
Vaults:1: portal_desolation_entry_ruin, v_misc_3,
          nicolae_vaults_network_barrier, hangedman_vaults_nodes,
          ontoclasm_vaults_chip, ontoclasm_vaults_ligature, vaults_dpeg_doors,
          v_misc_9, vaults_dpeg_cross, vaults_mumra_chevron,
          nicolae_vaults_mini_display_case, vaults_room_pools,
          layout_vaults_omnicross, serial_shops, shop_fountains
Vaults:2: minmay_crypt_entry_skeletal_spiral, nicolae_vaults_circle_grid_a,
          vaults_standard_mumra_x, nicolae_vaults_little_squares_2,
          hangedman_vaults_slither, v_misc_23, ontoclasm_vaults_misaligned,
          nicolae_vaults_border_crossing, hangedman_vaults_stream,
          nicolae_vaults_shelves_hall, hangedman_vaults_cutoff,
          ontoclasm_vaults_decontamination, vaults_room_door_ring,
          v_alt_pattern_6, vaults_dpeg_ring, v_misc_25, layout_vaults_omnibox,
          uniq_aizul, uniq_zenata
Vaults:3: nicolae_vaults_network_square, nicolae_vaults_specimen_jars,
          vaults_room_pools, v_misc_18, v_misc_15, layout_vaults_omnigrid,
          serial_shops, bzr_entry_dummy, uniq_saint_roka
Vaults:4: ontoclasm_vaults_misaligned, vaults_dpeg_diagonal,
          hangedman_vaults_river_flow, ontoclasm_vaults_twist,
          nicolae_vaults_network_star, nicolae_vaults_stairing_the_circle,
          grunt_vaults_bifocal, hangedman_vaults_restitches,
          hangedman_vaults_slice, nicolae_vaults_circle_grid_b, v_misc_2,
          grunt_vaults_hallway_long, nicolae_vaults_asterisk, v_misc_22,
          ontoclasm_vaults_gallery, layout_vaults_maze, uniq_sojobo
Vaults:5: serial_shops
Crypt:1:  layout_chaotic_city, st_stairs_7, grunt_megastairs_3, uniq_xtahua,
          uniq_grunn
Crypt:2:  layout_misc_corridors, hellmonk_scarab_ruin, uniq_josephina,
          uniq_mennas
Crypt:3:  due_elkab, layout_chaotic_city, minivault_11, lemuel_hellish_altar
Depths:1: dreamdust_cat_pyramid, layout_gridlike, grunt_mini_vestibule,
          chequers_serial_rivers_micro_c, corexii_corridor_pit,
          chequers_serial_rivers_small_b, st_stairs_11, kennysheep_doodads,
          lightli_giant_bouncers
Depths:2: minmay_spriggan_fort, layout_twisted_cross, enter_ziggurat_a,
          kennysheep_boxes, rand_demon_pan_entry_1, hell_entry,
          infiniplex_staircase_star, uniq_enchantress, uniq_vv
Depths:3: evilmike_negative_zone, layout_gridville, marbit_kobold_abyss_entry,
          hell_entry, nicolae_concentric_dashed_squares_wild,
          serial_bayou_shore_a
Depths:4: grunt_zot_entry_tricorne, layout_basic,
          nicolae_uskayaw_murder_on_the_dancefloor, hell_entry,
          hangedman_abyss_entry_splay, uniq_jory
Zot:1:    layout_gridlike, grunt_megastairs_4
Zot:2:    layout_onion
Zot:3:    layout_gridlike, gammafunk_ghost_necromancy, hangedman_hellfire_club,
          grunt_megastairs_1
Zot:4:    lemuel_halls_of_wrath, layout_basic
Zot:5:    layout_misc_corridors, hangedman_zot_decor_tridents,
          bh_zot_lava_cross, st_stairs_10
Pan:      nicolae_pan_glass_arcs, layout_gridville, pan_blood_fountain_small,
          nicolae_pan_sigil_itan, nicolae_pan_glass_arcs, layout_basic,
          grunt_pan_frozen_over, layout_grid_shapes, pan_blood_fountain,
          nicolae_pan_strange_glyphs [nicolae_pan_strange_glyph_rage,
          nicolae_pan_strange_glyph_worry,
          nicolae_pan_strange_glyph_humiliation,
          nicolae_pan_strange_glyph_regret, nicolae_pan_strange_glyph_acedia],
          reaverb_pan_figure_eight, nicolae_pan_mnolegish_4, gloorx_vloq,
          layout_chambers, cerebov, layout_gridville, nicolae_pan_strange_glyphs
          [nicolae_pan_strange_glyph_disappointment,
          nicolae_pan_strange_glyph_disappointment,
          nicolae_pan_strange_glyph_envy, nicolae_pan_strange_glyph_spite]

Skill      XL: |  1  2  3  4  5  6  7  8  9 10 11 12 13 14 15 16 17 18 19 20 21 22 23 24 25 26 27 |
---------------+----------------------------------------------------------------------------------+-----
Fighting       | 3 4 5 11 15 19 20 23 | 23.2
Maces & Flails | 3 4 5 6 8 10 12 14 15 17 19 20 21 22 25 27 | 27.0
Invocations    | 2 5 8 9 12 22 | 22.1
Armour         | 5 8 12 14 16 19 20 | 20.2
Dodging        | 4 6 9 11 13 15 17 | 17.8
Evocations     | 3 10 | 10.3
Translocations | 1 7 |  7.2
Transmutations | 6 8 |  8.7
Spellcasting   | 9 |  9.0
Earth Magic    | 6 |  6.6
Throwing       | |  2.0

Action                   |  1- 3 |  4- 6 |  7- 9 | 10-12 | 13-15 | 16-18 | 19-21 | 22-24 | 25-27 || total
-------------------------+-------+-------+-------+-------+-------+-------+-------+-------+-------++-------
Melee: Flail             |    90 |   122 |   398 |   178 |       |       |       |       |       ||   788
       Punch             |       |     3 |     7 |     2 |       |       |     4 |     3 |       ||    19
       Mace              |       |     1 |       |       |       |       |       |       |       ||     1
       Dire flail        |       |       |       |   568 |   649 |       |       |       |       ||  1217
       Giant club        |       |       |       |     6 |   544 |  1093 |  1360 |   806 |   721 ||  4530
       Rapier            |       |       |       |     8 |       |       |       |       |       ||     8
       Demon whip        |       |       |       |       |       |       |    83 |       |       ||    83
       Giant spiked club |       |       |       |       |       |       |    29 |   513 |  1677 ||  2219
       Sacred scourge    |       |       |       |       |       |       |       |   192 |       ||   192
       Battleaxe         |       |       |       |       |       |       |       |       |    20 ||    20
Throw: Dart              |     3 |     4 |    11 |     5 |       |       |       |       |       ||    23
       Throwing net      |       |     5 |     3 |       |       |       |       |       |       ||     8
       Large rock        |       |       |       |    11 |     3 |     4 |       |     3 |    40 ||    61
       Javelin           |       |       |       |    11 |       |       |       |       |       ||    11
 Cast: Blink             |       |       |       |       |       |       |       |       |     7 ||     7
       Apportation       |       |       |       |       |       |       |       |       |     3 ||     3
       Wereblood         |       |       |       |       |       |       |       |       |     1 ||     1
Invok: Heroism           |       |       |       |     6 |    13 |    24 |    20 |    13 |    21 ||    97
       Finesse           |       |       |       |     1 |     2 |     8 |     9 |     8 |     7 ||    35
       Cleansing Flame   |       |       |       |       |       |       |       |       |    23 ||    23
       Summon Divine War |       |       |       |       |       |       |       |       |     1 ||     1
       Brand Weapon With |       |       |       |       |       |       |       |       |     1 ||     1
 Abil: Evoke Invisibilit |       |       |       |       |       |       |       |       |     7 ||     7
Evoke: Wand              |       |       |     9 |     6 |     2 |     1 |     2 |       |     2 ||    22
       Condenser vane    |       |       |       |       |     1 |     5 |     6 |     6 |     6 ||    24
       Tin of tremorston |       |       |       |       |       |     4 |     7 |     7 |     7 ||    25
       Lightning rod     |       |       |       |       |       |       |     4 |     4 |     3 ||    11
  Use: Scroll            |     5 |     2 |     7 |    15 |    10 |    13 |    15 |     8 |    31 ||   106
       Potion            |     1 |     2 |     8 |     4 |       |     8 |     6 |     5 |    41 ||    75
 Stab: Sleeping          |     2 |       |       |     1 |     2 |       |     3 |       |     5 ||    13
       Held in net/web   |       |       |     2 |       |       |       |       |       |       ||     2
       Paralysed         |       |       |    10 |     5 |       |       |       |       |       ||    15
       Invisible         |       |       |       |     2 |       |     7 |       |       |    67 ||    76
       Fleeing           |       |       |       |       |     1 |       |       |       |       ||     1
       Confused          |       |       |       |       |     3 |    11 |     9 |       |       ||    23
       Distracted        |       |       |       |       |       |     1 |     3 |    13 |    23 ||    40
       Petrified         |       |       |       |       |       |       |       |       |     7 ||     7
       Petrifying        |       |       |       |       |       |       |       |       |     1 ||     1
Armor: Robe              |    19 |    15 |    83 |    31 |       |       |       |       |       ||   148
       Steam dragon scal |       |       |       |   130 |   346 |   206 |       |       |       ||   682
       Fire dragon scale |       |       |       |       |       |   216 |   110 |       |       ||   326
       Troll leather arm |       |       |       |       |       |       |    48 |       |       ||    48
       Acid dragon scale |       |       |       |       |       |       |   341 |   434 |   229 ||  1004
       Gold dragon scale |       |       |       |       |       |       |       |       |   638 ||   638
Dodge: Dodged            |    50 |    68 |   168 |   257 |   705 |   767 |   881 |  1017 |  1970 ||  5883
